[Event "Teplice Open 2022"]
[Site "Teplice"]
[Date "2022.06.22"]
[Round "5.11"]
[White "Kollars, Dmitrij"]
[Black "Nemec, Jachym"]
[Result "1-0"]
[ECO "B30"]
[WhiteElo "2635"]
[BlackElo "2363"]
[Annotator "TA"]
[PlyCount "87"]
[EventDate "2022.06.18"]
[EventType "swiss"]
[EventCountry "CZE"]
[SourceTitle "playchess.com"]
[Source "ChessBase"]
[SourceQuality "1"]
[TimeControl "40/5400+30:1800+30"]

1. e4 c5 2. Nc3 Nc6 3. Nf3 e5 4. Bc4 d6 5. d3 Be7 6. O-O h6 {[%emt 0:07:44] Against Ng5. B30: Sicilian: 2...Nc6 3 Bb5, lines without ...g6.} 7. Nd5 Nf6 8. c3 O-O {[%emt 0:03:48] White is slightly better.} 9. a3 $5 {[%emt 0:01:55][%mdl 4] Leaves trodden paths.} Be6 10. b4 b6 {[%emt 0:09:50] [#]} 11. Be3 $146 ({Predecessor:} 11. Re1 Bg4 12. h3 Bxf3 13. Qxf3 Nxd5 14. Bxd5 Rc8 15. b5 Nb8 16. Qh5 Bg5 17. Bxg5 Qxg5 18. Qxg5 hxg5 {1-0 (45) Van Assendelft,F (2384)-Esser,N (2185) Maastricht 2011}) 11... Bxd5 (11... Nb8 $14 {might be stronger.}) 12. exd5 $16 Nb8 13. Nh4 Kh7 14. Nf5 Ng8 15. d4 {[%emt 0:14:52] [#] And now dxe5 would win. 0x0.00176352c279dp-1022s more active pieces.} cxd4 16. cxd4 (16. Nxe7 dxe3 17. Nc6 Nxc6 18. dxc6 exf2+ 19. Rxf2 Nf6 $11) 16... e4 (16... Nd7 $16) 17. f3 $18 g6 18. Nxe7 Qxe7 19. fxe4 Qxe4 20. Qd2 Qe7 21. Bf4 Rd8 22. Rae1 Qf8 23. Bg3 Qg7 24. Qf4 f5 25. Re6 Nd7 26. Rxd6 Ndf6 27. Qe3 ({Better is} 27. Rc6 $18 {Strongly threatening d6.} Nxd5 28. Qf3) 27... Ng4 {[%emt 0:01:36] [#]} (27... Rxd6 $16 28. Bxd6 Rc8) 28. Qd3 $1 Rxd6 29. Bxd6 {[%emt 0:00:04] Hoping for Bf4. This bishop pair is nice.} Rd8 30. Bg3 Ne7 (30... N4f6 $142 31. Be5 Qe7) 31. Bc7 Rd7 32. d6 Nc8 33. h3 (33. Be6 $142) 33... Nf6 (33... Nxd6 34. Bxd6 (34. hxg4 Nxc4 35. Qxc4 Rxc7 $17) 34... Rxd6) 34. Be6 Nxd6 35. Bxd7 Qxd7 36. Bxd6 Qxd6 {[%emt 0:00:04][%mdl 4096] Endgame KQR-KQN} 37. d5 Ne4 38. Qd4 h5 39. Rc1 {[%emt 0:03:12] Rc8 is the strong threat.} Qg3 (39... h4 $142 40. Rc8 Kh6 41. Rh8+ Kg5) 40. d6 ({And not} 40. Rc8 Qe1+ 41. Kh2 Qg3+ 42. Kh1 Qe1+ 43. Qg1 Ng3+ 44. Kh2 Nf1+ 45. Kh1 Ng3+ 46. Kh2 Nf1+ 47. Kh1 Ng3+ $11) 40... Nxd6 41. Rc7+ {[%emt 0:30:55] White mates.} Kh6 42. Qg7+ Kg5 43. Qe7+ Kh6 44. h4 {[%emt 0:00:13] Weighted Error Value: White=0.10 (very precise) /Black=0.51} 1-0

[Event "Teplice Open 2022"]
[Site "Teplice"]
[Date "2022.06.22"]
[Round "5.12"]
[White "Vojta, Jakub"]
[Black "Romanov, Evgeny"]
[Result "0-1"]
[ECO "A25"]
[WhiteElo "2368"]
[BlackElo "2573"]
[Annotator "TA"]
[PlyCount "50"]
[EventDate "2022.06.18"]
[EventType "swiss"]
[EventCountry "CZE"]
[SourceTitle "playchess.com"]
[Source "ChessBase"]
[SourceQuality "1"]
[TimeControl "40/5400+30:1800+30"]

1. c4 e5 2. g3 Nc6 3. Bg2 f5 4. Nc3 Nf6 5. d3 Bb4 6. Bd2 O-O 7. a3 Bxc3 8. Bxc3 d6 {[%emt 0:00:42][%cal Bd7d6,Bd6d5][%mdl 32] A25: English Opening vs King's Indian with ...Nc6 but without early d3.} 9. b4 Qe8 10. a4 {[%emt 0:06:11] [#]} e4 $146 {[%emt 0:04:17] The position is equal.} ({Predecessor:} 10... Rb8 11. a5 Ne7 12. Nf3 Kh8 13. Qd2 Ng6 14. Ng5 h6 15. Nh3 f4 16. gxf4 Bxh3 17. Bxh3 Nxf4 {1-0 (46) Taylor,A (2071)-Thorpe,T (1925) Stirling 2014}) 11. d4 (11. Nh3 $14 {keeps the upper hand.}) 11... d5 12. c5 (12. b5 $15 Ne7 13. Qb3) 12... f4 $1 $17 13. gxf4 Qg6 14. Kf1 Bg4 (14... Nh5 $1 $17 15. e3 Rxf4 $1) 15. Qc2 $2 (15. h3 $15 Bh5 16. Qc2) 15... Ne7 $2 (15... Nh5 $1 $19 16. e3 Rxf4) 16. e3 Nf5 17. h3 Bf3 18. Rh2 {[%emt 0:00:25] [#]} Nh4 $36 {[%emt 0:00:56][%cal Rf3g2][%mdl 2048] White is under strong pressure. 0x0.0022faeec7b8dp-1022s more active pieces.} 19. Bxf3 exf3 20. Qxg6 hxg6 21. Ke1 Ne4 {[%emt 0:00:50] Pair of Knights!} 22. Ra3 {[%emt 0:00:26] [#]} (22. Rc1 $17) 22... Rf5 ({Black should play} 22... b6 $1 $19 23. Kd1 g5 24. fxg5 Rf5) 23. b5 $2 (23. Kf1 $17 {was called for.}) 23... g5 24. fxg5 $2 (24. Bb4) 24... Rxg5 $19 25. Kf1 a6 {[%emt 0:04:01] Weighted Error Value: White=0.67/Black=0.36} 0-1

[Event "Teplice Open 2022"]
[Site "Teplice"]
[Date "2022.06.22"]
[Round "5.13"]
[White "Sanal, Vahap"]
[Black "Hoefelsauer, Thomas"]
[Result "1-0"]
[ECO "B19"]
[WhiteElo "2575"]
[BlackElo "2334"]
[Annotator "TA"]
[PlyCount "127"]
[EventDate "2022.06.18"]
[EventType "swiss"]
[EventCountry "CZE"]
[SourceTitle "playchess.com"]
[Source "ChessBase"]
[SourceQuality "1"]
[TimeControl "40/5400+30:1800+30"]

1. e4 c6 2. d4 d5 3. Nc3 dxe4 4. Nxe4 Bf5 5. Ng3 Bg6 6. h4 h6 7. Nf3 Nd7 8. h5 Bh7 9. Bd3 Bxd3 10. Qxd3 e6 11. Bd2 Ngf6 12. O-O-O Be7 13. Ne4 Nxe4 14. Qxe4 Nf6 {[%emt 0:00:09] B19: Classical Caro-Kann: 4...Bf5 main line.} 15. Qd3 c5 16. Qb5+ {[%emt 0:00:06] 16.Kb1 is not played anymore.} (16. Ne5 {looks sharper.} O-O 17. dxc5 Qc7 18. f4) 16... Qd7 {[%emt 0:00:07] The position is equal.} 17. Qxd7+ Nxd7 18. Be3 cxd4 19. Bxd4 Bf6 20. Bxf6 Nxf6 21. Ne5 Ke7 {[%emt 0:02:42] [#]} 22. Rh4 $146 ({Predecessor:} 22. Rh3 Rhc8 23. Rhd3 Rc5 24. f4 Rac8 25. c3 R8c7 26. g3 Rd5 27. Rxd5 Nxd5 28. Rd4 {1-0 (41) Katz,A (2330)-Shmeliov,D (2398) ICC INT 2015}) 22... Rhc8 23. Rb4 Rc7 24. g4 Rd8 25. Rxd8 Kxd8 $11 {[%emt 0:00:02][%mdl 4096] Endgame KRN-KRN} 26. Rd4+ Ke7 27. Kd2 Rc5 28. f4 Nd5 29. Nd3 Ra5 30. a4 Nf6 31. Ne5 Nd5 {[%emt 0:01:28][%cal Od5f4] Inhibits Rb4.} 32. Nd3 Nf6 33. Rb4 b6 34. Ne5 {[%emt 0:00:39] [#] Black must now prevent Nc6+.} Rd5+ 35. Kc1 Rc5 36. Rd4 Nd5 37. b4 Rc7 38. Kd2 Nf6 ({Black should play} 38... Kf6 $11) 39. b5 $14 {[%emt 0:06:47] Threatens to win with Nc6+.} Nd7 $1 40. Nc6+ Kf6 41. Ke3 Nc5 42. a5 {[%emt 0:04:07] White is more active.} bxa5 43. Nxa5 Nb7 {[%emt 0:00:00] Against Rd6} (43... g5 $142) 44. Nxb7 $16 Rxb7 {[%emt 0:00:00] KR-KR} 45. c4 Ke7 {[%emt 0:00:00] Inhibits Rd8.} (45... Rc7 $16) 46. Kd3 (46. Rd2 $18 {and White stays clearly on top.}) 46... a6 47. bxa6 Ra7 48. c5 Rxa6 49. Kc3 {[%emt 0:00:00] Strongly threatening Kb4.} Ra1 $2 {[%emt 0:00:00][%mdl 8192] [#] This move loses the game for Black.} (49... Ra8 $16 {is more resistant.}) 50. Kb4 $1 $18 {[%emt 0:00:00] And now c6 would win.} g6 $2 (50... Rc1 51. Kb5 g6 52. hxg6 fxg6) 51. c6 gxh5 52. gxh5 Rh1 53. Rd7+ Ke8 54. Rd3 Ke7 55. Rd4 Rh2 56. Rd1 Rc2 57. Kb5 Rb2+ 58. Ka6 Rc2 59. Kb7 Rb2+ 60. Kc8 {[%emt 0:00:00] aiming for Rd7+.} Rc2 61. c7 {[%emt 0:00:00] White threatens Rb1 and mate.} Rb2 {[%emt 0:00:27] Prevents Rb1.} 62. Ra1 {[%emt 0:00:00] Intending Ra7 and mate.} f6 63. Ra7 e5 64. Rb7 {[%emt 0:00:00] Weighted Error Value: White=0.05 (flawless) /Black=0.46} 1-0

[Event "Teplice Open 2022"]
[Site "Teplice"]
[Date "2022.06.22"]
[Round "5.14"]
[White "Laurusas, Tomas"]
[Black "Smolik, Jachym"]
[Result "1-0"]
[ECO "D24"]
[WhiteElo "2567"]
[BlackElo "2272"]
[Annotator "TA"]
[PlyCount "35"]
[EventDate "2022.06.18"]
[EventType "swiss"]
[EventCountry "CZE"]
[SourceTitle "playchess.com"]
[Source "ChessBase"]
[SourceQuality "1"]
[TimeControl "40/5400+30:1800+30"]

1. d4 Nf6 2. c4 e6 3. Nf3 d5 4. Nc3 dxc4 5. e3 a6 6. a4 Bb4 7. Bxc4 {[%emt 0:00:42] D24: Queen's Gambit Accepted: 3 Nf3 Nf6 4 Nc3.} b6 8. O-O Bb7 {[%emt 0:03:25] Inhibits e4.} 9. Ne2 $5 {[%emt 0:06:18][%mdl 4] The position is equal. Exploring less charted territory.} O-O 10. b3 {[%emt 0:01:08] [#]} Qe7 $146 ({Predecessor:} 10... c5) 11. Bb2 c5 12. dxc5 Bxc5 13. Nf4 Nc6 14. Ng5 e5 (14... Nb4 $11) 15. Qb1 {[%emt 0:03:32] Strongly threatening Nd5.} g6 $2 {[%emt 0:00:25][%mdl 8192] [#]} (15... Na5 $1 $11 {and Black stays safe.} 16. Nd5 Bxd5 17. Bxd5 Rad8) 16. Nxg6 $1 $18 {[%emt 0:00:30][%mdl 512] White is clearly winning.} hxg6 (16... Qd6 17. Nxf8) 17. Qxg6+ Kh8 18. Bxf7 {[%emt 0:00:17] Weighted Error Value: White=0.08 (flawless) /Black=0.83} 1-0

[Event "Teplice Open 2022"]
[Site "Teplice"]
[Date "2022.06.22"]
[Round "5.16"]
[White "Iniyan, P."]
[Black "Ehrke, Michael"]
[Result "1-0"]
[ECO "D34"]
[WhiteElo "2518"]
[BlackElo "2223"]
[Annotator "TA"]
[PlyCount "61"]
[EventDate "2022.06.18"]
[EventType "swiss"]
[EventCountry "CZE"]
[SourceTitle "playchess.com"]
[Source "ChessBase"]
[SourceQuality "1"]
[TimeControl "40/5400+30:1800+30"]

1. d4 {[%emt 0:08:25] Ftacnik,L} d5 2. c4 e6 3. Nc3 c5 4. cxd5 exd5 5. Nf3 Nc6 6. g3 Nf6 7. Bg2 Be7 8. O-O O-O 9. Bg5 c4 10. Ne5 Be6 11. f4 Ng4 12. Nxg4 Bxg4 13. Bxd5 Bxg5 14. fxg5 Qxg5 15. Rf4 Rad8 {[%emt 0:01:57] D34: Tarrasch Defence: 6 g3 Nf6 7 Bg2 Be7.} 16. Qd2 ({Much worse is} 16. Bxc4 {[#]} Nxd4 $1 17. Qf1 Ne6 18. Bxe6 Bxe6 $15) 16... h6 {[%emt 0:09:04] [#]} 17. h4 $146 ({Predecessor:} 17. Rd1 Be6 18. Bg2 Bc8 19. Qe3 Ne7 20. d5 Nf5 21. Qxa7 Rfe8 22. Ne4 Qe7 23. Qb6 {1-0 (47) Ivanchuk,V (2711)-Grischuk,A (2702) Moscow 2002 CBM 090 [Ftacnik,L]}) 17... Qg6 {[%emt 0:12:42] The position is equal.} 18. Kh2 Be6 19. Bg2 Bc8 20. Qe3 a6 21. Raf1 Qd6 22. Qf2 f5 23. Bd5+ Kh8 24. e4 Nb4 (24... Ne7 $11) 25. e5 $14 ({Of course not} 25. Bxc4 g5 26. hxg5 hxg5 $11) 25... Qb6 ({Black should play} 25... Qe7 $14 26. Be4 (26. Bxc4 b5 $14) 26... Be6) 26. Bxc4 $16 {[%emt 0:00:08] Threatens to win with d5.} g5 {[%emt 0:00:29] [#]} (26... Qc7 $16 {might work better.}) 27. d5 $1 $36 {[%emt 0:00:06][%mdl 2048] White is really pushing.} Qc7 28. hxg5 ({Only move:} 28. d6 $18 Qg7 29. hxg5 hxg5 30. Rd4) 28... hxg5 $16 29. Kg2 gxf4 $4 (29... Kg7 $14) 30. Rh1+ $18 Kg7 31. Qxf4 {[%emt 0:00:05] Weighted Error Value: White=0.14 (very precise) /Black=0.68} 1-0

[Event "Teplice Open 2022"]
[Site "Teplice"]
[Date "2022.06.22"]
[Round "5.17"]
[White "Stijve, Theo"]
[Black "Budisavljevic, Luka"]
[Result "1-0"]
[ECO "A33"]
[WhiteElo "2341"]
[BlackElo "2507"]
[Annotator "TA"]
[PlyCount "79"]
[EventDate "2022.06.18"]
[EventType "swiss"]
[EventCountry "CZE"]
[SourceTitle "playchess.com"]
[Source "ChessBase"]
[SourceQuality "1"]
[TimeControl "40/5400+30:1800+30"]

1. Nf3 c5 2. c4 Nc6 3. d4 cxd4 4. Nxd4 e6 5. Nc3 Nf6 6. g3 Qb6 7. Ndb5 Ne5 8. Bg2 {[%emt 0:00:17] 8.Bf4 injects fresh life into this line.} a6 {[%emt 0:00:24] A33: Symmetrical English: 2 Nf3 Nf6 3 d4 cxd4 4 Nxd4 e6 5 Nc3 Nc6.} 9. Na4 Qa5+ 10. Nbc3 Nxc4 {[%emt 0:00:16] White must now prevent ...d5. The position is equal.} 11. O-O {[%emt 0:00:25] 11.b3 is not played anymore.} d5 12. b3 Nd6 13. Qe1 Be7 {[%emt 0:00:55] [#]} 14. Bd2 $146 ({Predecessor:} 14. e4 dxe4 15. Nxe4 Qxe1 16. Nxd6+ Bxd6 17. Rxe1 Bd7 18. Bxb7 Ra7 19. Bg2 Bxa4 20. bxa4 {½-½ (52) Esipenko,A (2682)-Sarana,A (2654) Chess.com INT 2020}) 14... Qd8 {[%emt 0:02:10] [#]} 15. Nxd5 $1 exd5 16. Ba5 b6 $1 (16... Qd7 $2 17. Nb6 $18) 17. Nxb6 Nb7 18. Nxa8 Nxa5 ({Don't do} 18... Qxa5 19. Qxa5 Nxa5 20. Nc7+ Kd7 21. Nxd5 Nxd5 22. Bxd5 $16) 19. Qc3 {[%emt 0:02:17] Against Nc6} O-O 20. Nc7 Nb7 21. Rfd1 Nd6 (21... Bc5 $11 22. Nxd5 Nxd5 23. Bxd5 Qb6) 22. Rac1 {[%emt 0:20:10] White is much more active.} (22. Bxd5 $14 Qd7 23. Rac1) 22... Nb5 $15 23. Nxb5 axb5 24. a4 $1 bxa4 25. bxa4 Ba6 (25... Bf5 $15) 26. e4 $1 $14 {[%emt 0:02:08][%cal Be2e4,Be4e5][%mdl 1056] With the idea e5. White has compensation.} Bb7 $2 {[%emt 0:02:33] This costs Black the game.} (26... Qb8 $1 $11) 27. Qc7 Ba8 28. e5 $36 {[%emt 0:00:54][%mdl 2048] White is in control.} Ng4 (28... Ba3 $16 {was necessary.}) 29. h3 $18 Qxc7 30. Rxc7 Bd8 {[%emt 0:00:00] [#] And now ...Nxf2 would win.} 31. Rc8 Bb7 {[%emt 0:02:59] Hoping for ...Nxf2.} (31... Nxf2 $2 32. Rb1 Bc6 33. Rxc6 $18) 32. Rb8 Nxf2 33. Rb1 Nxh3+ $2 (33... Bc6 {might work better.}) 34. Bxh3 {[%emt 0:01:28] White is clearly winning.} ({Not} 34. Kh2 Bc6 $18) 34... Bb6+ (34... Ba6 $142 35. Bf1 Bc4 36. Bxc4 dxc4) 35. Rxb6 Rxb8 36. a5 {[%emt 0:00:27] Threatens to win with a6.} Ra8 {[%emt 0:00:37] Inhibits a6.} 37. Rxb7 {[%emt 0:00:13][%cal Oa5a6] a6! is the strong threat.} Kf8 38. Rb5 d4 39. Kf2 Ke7 40. Ke2 {[%emt 0:00:23] Weighted Error Value: White=0.06 (flawless) /Black=0.36} 1-0

[Event "Teplice Open 2022"]
[Site "Teplice"]
[Date "2022.06.22"]
[Round "5.18"]
[White "Fataliyeva, Ulviyya"]
[Black "Seo, Jung Min"]
[Result "1/2-1/2"]
[ECO "E04"]
[WhiteElo "2348"]
[BlackElo "2483"]
[Annotator "TA"]
[PlyCount "82"]
[EventDate "2022.06.18"]
[EventType "swiss"]
[EventCountry "CZE"]
[SourceTitle "playchess.com"]
[Source "ChessBase"]
[SourceQuality "1"]
[TimeControl "40/5400+30:1800+30"]

1. d4 Nf6 2. c4 e6 3. Nf3 d5 4. g3 Bb4+ 5. Nbd2 dxc4 6. Bg2 (6. a3 $5 Bxd2+ 7. Bxd2 $11) 6... b5 {[%emt 0:05:48] Against Qa4. E04: Open Catalan: 5 Nf3.} 7. O-O (7. Ne5 {is interesting.} Nd5 8. O-O O-O 9. Qc2) 7... O-O 8. a3 Be7 9. b3 cxb3 10. Qxb3 a6 {[%emt 0:01:42] [#]} 11. e4 $146 (11. a4 $15) ({Predecessor:} 11. Bb2 Bb7 12. a4 b4 13. Rfd1 Nbd7 14. Nc4 a5 15. Rac1 Ra6 16. Nfd2 Bxg2 17. Kxg2 {½-½ (30) Nguyen,V (2454)-Sahoo,U (2329) Ahmedabad 2019}) 11... Bb7 $17 12. Qc2 Nbd7 13. e5 Nd5 14. Ne4 Re8 15. Nfg5 Nf8 ({Better is} 15... h6 $17 16. Nd6 hxg5 17. Nxb7 Qc8) 16. Nc5 Bxc5 ({Much weaker is} 16... Bxg5 17. Nxb7 Qc8 18. Na5 $11) 17. dxc5 h6 18. Ne4 Bc6 $1 19. Rd1 Qe7 20. Bb2 Nd7 {[%emt 0:05:40] Prevents Nf6+.} 21. Rac1 b4 (21... Red8 $17) 22. axb4 $11 Nxb4 23. Qe2 (23. Qd2 $11 {remains equal.} Nd5 24. Nf6+ $1 gxf6 25. exf6) 23... Bxe4 (23... Reb8 $17) 24. Bxe4 Rab8 25. c6 Nf8 26. Bd4 {[%emt 0:02:24] Strongly threatening Bc5. This bishop pair is nice.} Rb5 {[%emt 0:00:48] Prevents Bc5.} 27. Ra1 Reb8 28. Qc4 Ng6 29. Bxg6 fxg6 30. Ba7 $1 Ra8 (30... Rd8 $1 $11 {keeps the balance.}) 31. Rd7 $16 Qe8 32. Rxc7 {[%emt 0:01:38] 0x0.000bd715993edp-1022s more active pieces.} Kh7 33. Bd4 (33. Rc1 $16) 33... Rc8 (33... Rd8 $14) 34. Rxc8 Qxc8 {[%emt 0:00:02] [#]} 35. Rb1 ({Don't play} 35. c7 $6 Nd5 $11) ({White must play} 35. Rc1 $1 $16) 35... Nxc6 $11 36. Rc1 Qd7 (36... Qd8 {with more complications.} 37. Qxc6 Qxd4 38. Qxe6 Rb2) 37. Qxc6 Qxd4 38. Qxe6 Rxe5 (38... Rb2 $5 39. Rf1 Qd3 $15) 39. Qxa6 {[%emt 0:00:15] The position is equal.} Rf5 40. Qe2 Qe5 41. Qxe5 Rxe5 {[%emt 0:30:03] Weighted Error Value: White=0.17 (very precise) /Black=0.18 (very precise)} 1/2-1/2

[Event "Teplice Open 2022"]
[Site "Teplice"]
[Date "2022.06.22"]
[Round "5.19"]
[White "Das, Arghyadip"]
[Black "Borges, Guilherme Deola"]
[Result "1-0"]
[ECO "A49"]
[WhiteElo "2472"]
[BlackElo "2224"]
[Annotator "TA"]
[PlyCount "55"]
[EventDate "2022.06.18"]
[EventType "swiss"]
[EventCountry "CZE"]
[SourceTitle "playchess.com"]
[Source "ChessBase"]
[SourceQuality "1"]
[TimeControl "40/5400+30:1800+30"]

1. Nf3 Nf6 2. g3 g6 3. Bg2 Bg7 4. O-O O-O 5. d4 d6 6. b3 a5 7. a4 c6 8. Bb2 d5 {[%emt 0:04:55] A49: 1 d4 Nf6 2 Nf3 g6 3 g3: Anti-King's Indian systems.} 9. Nbd2 Bf5 10. Nh4 Be6 {[%emt 0:07:59] White is slightly better.} 11. e3 {[%emt 0:00:47] [#]} Qd7 $146 ({Predecessor:} 11... Na6 12. Nhf3 Bf5 13. Ne5 Nb4 14. c3 Nd3 15. Nxd3 Bxd3 16. Re1 Re8 17. b4 Bf5 {½-½ (31) Fauland,A (2431)-Antoniewski,R (2550) Austria 2013}) 12. Re1 Bh3 13. Bh1 Na6 14. Ndf3 Ne4 15. Ne5 {[%emt 0:01:54] Against Bg4} Qe6 (15... Bxe5 $5 16. dxe5 Nb4 $11) 16. f3 Nd6 17. e4 dxe4 18. fxe4 (18. Qd2 {keeps more tension.} c5 19. fxe4 cxd4 20. Nd3) 18... Bxe5 (18... c5 $14) 19. dxe5 $16 Ne8 20. Qd2 Nb4 21. Nf3 {[%emt 0:10:56] c3 is the strong threat.} f6 {[%emt 0:04:51] [#]} (21... Bg4 $16) 22. exf6 $1 $18 exf6 23. e5 {[%emt 0:03:50] aiming for exf6.} Qf5 24. Nd4 ({White should play} 24. Rac1 $18) 24... Qg5 $16 25. Qc3 $36 {[%emt 0:00:45][%mdl 2048] White has strong initiative.} Nc7 $2 (25... fxe5 $16 {might work better.} 26. Qc4+ Rf7) 26. Nf3 $18 ({But not} 26. Bc1 $6 Qg4 $16) 26... Qf5 27. exf6 {[%emt 0:00:06][%cal Of6f7] [#] White threatens f7+! and mate.} Ncd5 $2 (27... Rf7 $18 28. Qc4 Ncd5) 28. f7+ $1 {[%emt 0:00:17] Weighted Error Value: White=0.05 (flawless) /Black=0.57} 1-0

[Event "Teplice Open 2022"]
[Site "Teplice"]
[Date "2022.06.22"]
[Round "5.20"]
[White "Holm, Kristian Stuvik"]
[Black "Jun, Rudolf"]
[Result "1-0"]
[ECO "B31"]
[WhiteElo "2458"]
[BlackElo "2199"]
[Annotator "RC"]
[PlyCount "261"]
[EventDate "2022.06.18"]
[EventType "swiss"]
[EventCountry "CZE"]
[SourceTitle "playchess.com"]
[Source "ChessBase"]
[SourceQuality "1"]
[TimeControl "40/5400+30:1800+30"]

1. e4 c5 2. Nf3 Nc6 3. Bb5 g6 4. Bxc6 dxc6 5. d3 Bg7 6. h3 Nf6 7. a4 O-O 8. Be3 c4 9. Nc3 cxd3 10. cxd3 e5 11. O-O Re8 12. b4 Nh5 13. Qd2 Qd6 14. Rab1 f5 15. Ng5 b6 16. Rfd1 f4 17. Qa2+ Be6 18. Nxe6 Qxe6 19. Bc1 Qxa2 20. Nxa2 Rad8 21. Kf1 Re6 22. Ke2 Rd4 23. Rb3 Bf8 24. Bb2 Rd7 25. Ba3 f3+ 26. Kxf3 Rf6+ 27. Ke2 Rdf7 28. f3 Nf4+ 29. Kf1 Nxh3 30. Bb2 Ng5 31. Bxe5 Rxf3+ 32. gxf3 Nxf3 33. Ke2 Nxe5 34. d4 Ng4 35. Rf3 Rd7 36. b5 c5 37. dxc5 Rxd1 38. Kxd1 Bxc5 39. Ke2 Kg7 40. Rd3 h5 41. Rd7+ Kh6 42. Nc1 Ne5 43. Rd5 Ng4 44. Nd3 Bg1 45. Kf3 Ne3 46. Rd6 Ng4 47. e5 Kg5 48. e6 Kf6 49. Nf4 Bc5 50. Nd5+ Ke5 51. e7 Kxd6 52. e8=Q Kxd5 53. Qe4+ Kd6 54. Qxg6+ Kd5 55. Qxh5+ Ne5+ 56. Kf4 Bd6 57. Kf5 Nc4 58. Qf7+ Kc5 59. Qxa7 Kb4 60. Ke6 Bc5 61. Qa8 Na5 62. Qe4+ Kc3 63. Kd5 Kb3 64. Qg4 Ka3 65. Qd1 Kb4 66. Qc2 Nb3 67. Qa2 Kc3 68. Qb1 Kb4 69. Qa2 Kc3 70. Ke4 Nd2+ 71. Ke5 Nc4+ 72. Kd5 Ne3+ 73. Kc6 Nc4 74. Qb1 Na5+ 75. Kd5 Kd2 76. Qe4 Nb3 77. Qe5 Kd3 78. Qe1 Kc2 79. Kc4 Nd2+ 80. Kd5 Nb3 81. Kc6 Nd4+ 82. Kb7 Nb3 83. Ka6 Kb2 84. Qg3 Kc2 85. Qe5 Kd3 86. Qf6 Kc4 87. Qh4+ Kc3 88. Qe1+ Kc4 89. Kb7 Na5+ 90. Kc7 Kb3 91. Qd1+ Kb4 92. Kd7 Nb3 93. Qg4+ Nd4 94. Qd1 Nb3 95. Ke6 Kxa4 96. Kd5 Kb4 97. Qc2 Na5 98. Qb2+ Nb3 99. Ke4 Kc4 100. Qc2+ Kb4 101. Kd3 Na5 102. Qb2+ Ka4 103. Kc3 Bd6 104. Qb1 Bc5 105. Qd3 Bb4+ 106. Kb2 Bc5 107. Kc2 Kb4 108. Qd7 Ka4 109. Kc3 Bb4+ 110. Kd4 Bc5+ 111. Kd5 Kb4 112. Qe8 Kb3 113. Qe4 Ka3 114. Qe2 Kb4 115. Qb2+ Nb3 116. Qb1 Kc3 117. Qe4 Kd2 118. Qc4 Na5 119. Qa2+ Kc3 120. Qxa5+ bxa5 121. Kxc5 a4 122. b6 a3 123. b7 a2 124. b8=Q Kc2 125. Qe5 Kb1 126. Qe1+ Kb2 127. Qd2+ Kb1 128. Kb4 a1=Q 129. Kb3 Qc3+ 130. Kxc3 Ka1 131. Qb2# 1-0